[Event "72nd MNE-ch 2020"]
[Site "Podgorica"]
[Date "2020.09.15"]
[Round "7"]
[White "Miletic, Vuk"]
[Black "Lazarevic, Zoran V"]
[Result "1/2-1/2"]
[ECO "A00"]
[WhiteElo "2159"]
[BlackElo "2132"]
[PlyCount "81"]
[EventDate "2020.09.11"]
[EventType "swiss"]
[EventRounds "9"]
[EventCountry "MNE"]
[TimeControl "5400+30"]

1. d4 d5 2. c4 e6 3. Nf3 Nf6 4. g3 Nbd7 5. Bg2 Be7 6. O-O O-O 7. Qc2 b6 8. Rd1 Bb7 9. Nbd2 h6 10. Ne5 c5 11. cxd5 exd5 12. Ndf3 cxd4 13. Nxd7 Qxd7 14. Nxd4 Bc5 15. b3 Rac8 16. Qd3 Ne4 17. Bb2 Rfe8 18. a3 a5 19. e3 Ra8 20. Qe2 g6 21. h4 h5 22. Qf3 Qe7 23. a4 Bc8 24. Qe2 Ba6 25. Nb5 Rad8 26. Bd4 Qf8 27. Qf3 Bxb5 28. axb5 Bxd4 29. Rxd4 Qc5 30. Qe2 Nxg3 31. Qd3 Ne4 32. Bxe4 dxe4 33. Qc4 Qe7 34. Rad1 Rc8 35. Rd7 Qf6 36. R1d6 Qf5 37. Rc7 Rxc7 38. Qxc7 Qxb5 39. Rxb6 Qe2 40. Qg3 Rd8 41. Rxg6+ 1/2-1/2

[Event "72nd MNE-ch 2020"]
[Site "Podgorica"]
[Date "2020.09.15"]
[Round "7"]
[White "Karisik, Nenad"]
[Black "Sukovic, Andrej"]
[Result "1-0"]
[ECO "A00"]
[WhiteElo "2106"]
[BlackElo "2261"]
[PlyCount "45"]
[EventDate "2020.09.11"]
[EventType "swiss"]
[EventRounds "9"]
[EventCountry "MNE"]
[TimeControl "5400+30"]

1. e4 c5 2. d4 cxd4 3. c3 Nf6 4. e5 Nd5 5. Bc4 Nb6 6. Bb3 d5 7. cxd4 Nc6 8. Nc3 g6 9. h4 h5 10. Bg5 Nc4 11. Nge2 Nxb2 12. Qd2 Nc4 13. Bxc4 dxc4 14. e6 Bg7 15. exf7+ Kxf7 16. O-O Rf8 17. Rad1 Bf5 18. d5 Ne5 19. Nd4 Kg8 20. Rfe1 Qd7 21. Bh6 Rae8 22. Bxg7 Kxg7 23. Rxe5 1-0

[Event "72nd MNE-ch 2020"]
[Site "Podgorica"]
[Date "2020.09.15"]
[Round "7"]
[White "Alivodic, Dario"]
[Black "Popadic, Dragan"]
[Result "1/2-1/2"]
[ECO "A00"]
[WhiteElo "2103"]
[BlackElo "2171"]
[PlyCount "109"]
[EventDate "2020.09.11"]
[EventType "swiss"]
[EventRounds "9"]
[EventCountry "MNE"]
[TimeControl "5400+30"]

1. e4 c5 2. Nf3 Nc6 3. d4 cxd4 4. Nxd4 Nf6 5. Nc3 e5 6. Ndb5 d6 7. Bg5 a6 8. Na3 b5 9. Nd5 Be7 10. Bxf6 Bxf6 11. c3 O-O 12. Nc2 Bg5 13. a4 bxa4 14. Rxa4 a5 15. Bc4 Rb8 16. b3 Kh8 17. Nce3 g6 18. h4 Bxe3 19. Nxe3 h5 20. g4 hxg4 21. h5 Kg7 22. Nxg4 Rh8 23. Qf3 Rb7 24. h6+ Kf8 25. Ne3 Qg5 26. Bd5 Rc7 27. Rc4 Bb7 28. h7 Kg7 29. Qh3 Bc8 30. Qh2 Bd7 31. Bxc6 Rxc6 32. Rxc6 Bxc6 33. Rg1 Qf4 34. Qxf4 exf4 35. Nf5+ Kf6 36. Nxd6 Rxh7 37. Ke2 a4 38. b4 Ke5 39. Rd1 Bxe4 40. Nc4+ Ke6 41. Nd2 Bb7 42. Kd3 Rh2 43. Rf1 Rh8 44. c4 Kd6 45. Kd4 Rd8 46. b5 Kc7+ 47. Kc3 Kb6 48. Ra1 g5 49. Rxa4 g4 50. c5+ Kxc5 51. Nb3+ Kb6 52. Rxf4 Bd5 53. Rxg4 Bxb3 54. Kxb3 Kxb5 55. Rf4 1/2-1/2

[Event "72nd MNE-ch 2020"]
[Site "Podgorica"]
[Date "2020.09.15"]
[Round "7"]
[White "Djurovic, Peko"]
[Black "Vuckovic, Marko"]
[Result "1-0"]
[ECO "A00"]
[WhiteElo "2003"]
[BlackElo "2059"]
[PlyCount "91"]
[EventDate "2020.09.11"]
[EventType "swiss"]
[EventRounds "9"]
[EventCountry "MNE"]
[TimeControl "5400+30"]

1. e4 c5 2. Nf3 e6 3. d4 cxd4 4. Nxd4 Nc6 5. Nc3 Qc7 6. Be3 a6 7. Qf3 d6 8. O-O-O Bd7 9. Qg3 Nf6 10. Be2 Rc8 11. f3 b5 12. Rd2 Nxd4 13. Bxd4 e5 14. Be3 Be6 15. Kb1 Be7 16. Qf2 O-O 17. g4 Nd7 18. Rc1 Nc5 19. Nd5 Bxd5 20. Rxd5 Ne6 21. h4 Qc6 22. c4 bxc4 23. Bxc4 Qb7 24. Rdd1 Rc7 25. Bd5 Qb5 26. g5 Rfc8 27. Rxc7 Rxc7 28. Qg2 Nf4 29. Bxf4 exf4 30. Qd2 Qc5 31. Bb3 Qe5 32. Qe2 Bf8 33. Rd5 Qe8 34. Qxa6 Qd7 35. Rf5 Qe8 36. h5 g6 37. Rf6 Qe5 38. Qb6 Qxg5 39. Qxc7 Qxf6 40. a4 gxh5 41. a5 h4 42. Qd7 h6 43. a6 h3 44. Qxh3 Bg7 45. Qc8+ Kh7 46. e5 1-0

[Event "72nd MNE-ch 2020"]
[Site "Podgorica"]
[Date "2020.09.15"]
[Round "7"]
[White "Kandic, Milojko"]
[Black "Pobor, Milo"]
[Result "1-0"]
[ECO "A00"]
[WhiteElo "1961"]
[BlackElo "2143"]
[PlyCount "95"]
[EventDate "2020.09.11"]
[EventType "swiss"]
[EventRounds "9"]
[EventCountry "MNE"]
[TimeControl "5400+30"]

1. e4 c5 2. Nf3 e6 3. d4 cxd4 4. Nxd4 Nc6 5. Nc3 Qc7 6. Be3 a6 7. Be2 Nf6 8. a3 Be7 9. f4 d6 10. Nxc6 bxc6 11. O-O O-O 12. g4 Nd7 13. Rf3 d5 14. Rh3 e5 15. exd5 exf4 16. dxc6 Nf6 17. Bf2 h5 18. Nd5 Nxd5 19. Qxd5 Bxg4 20. Bxg4 hxg4 21. Rb3 Rab8 22. Qd7 Bd6 23. Qxc7 Bxc7 24. Rd1 Rxb3 25. cxb3 Rc8 26. Rc1 Rd8 27. Be1 f5 28. b4 g3 29. a4 Kf7 30. b5 axb5 31. axb5 gxh2+ 32. Kxh2 g5 33. Bf2 f3+ 34. Kg1 Bf4 35. c7 Rc8 36. b6 Bxc1 37. b7 Rxc7 38. b8=Q Bf4 39. Qb3+ Kg6 40. Qxf3 Rc4 41. Qb3 Rc1+ 42. Kg2 g4 43. Qg8+ Kh6 44. Qe6+ Kg5 45. Qg8+ Kh6 46. Bd4 Rc2+ 47. Kf1 Rc7 48. Qe6+ 1-0

[Event "72nd MNE-ch 2020"]
[Site "Podgorica"]
[Date "2020.09.15"]
[Round "7"]
[White "Petrusic, Goran"]
[Black "Koljevic, Nikolina"]
[Result "0-1"]
[ECO "A00"]
[WhiteElo "1935"]
[BlackElo "1870"]
[PlyCount "136"]
[EventDate "2020.09.11"]
[EventType "swiss"]
[EventRounds "9"]
[EventCountry "MNE"]
[TimeControl "5400+30"]

1. Nf3 Nf6 2. g3 e6 3. b3 Be7 4. Bb2 b6 5. Bg2 Bb7 6. O-O O-O 7. c4 c5 8. d4 cxd4 9. Nxd4 Bxg2 10. Kxg2 d5 11. Nd2 e5 12. Nf5 d4 13. Nxe7+ Qxe7 14. Qc2 Nc6 15. f3 Rfe8 16. Ne4 Nxe4 17. Qxe4 Qe6 18. g4 Qg6 19. Qxg6 hxg6 20. Ba3 a5 21. Rad1 f5 22. h3 f4 23. Rd2 Red8 24. Rfd1 Kf7 25. Rc1 Rac8 26. Rcd1 Ke6 27. Rc1 Rd7 28. Rcd1 Rdc7 29. Rc1 Na7 30. Rdc2 b5 31. Bb2 bxc4 32. Rxc4 Nb5 33. a4 Rxc4 34. bxc4 Nd6 35. c5 Ne8 36. c6 Kd5 37. Ba3 Rxc6 38. Rxc6 Kxc6 39. Bf8 Kd5 40. h4 Ke6 41. Bc5 Nd6 42. Bb6 Nc4 43. Bc5 Kf7 44. h5 gxh5 45. gxh5 Kf6 46. Kh3 Kg5 47. Bf8 Kxh5 48. Bxg7 Kg5 49. Bf8 Kf5 50. Bc5 Nb2 51. Bb6 Nxa4 52. Bxa5 Nc3 53. Kg2 Nxe2 54. Kf2 Ng3 55. Bb4 Ke6 56. Ba5 Kd5 57. Bc7 Nf5 58. Ke2 Ne7 59. Kd3 Nc6 60. Ke2 Kc4 61. Kd2 d3 62. Bd6 Kd4 63. Bc7 Kc4 64. Kd1 Kc3 65. Bd6 Kd4 66. Kd2 Na5 67. Bc7 Nc4+ 68. Kd1 Ke3 0-1

[Event "72nd MNE-ch 2020"]
[Site "Podgorica"]
[Date "2020.09.15"]
[Round "7"]
[White "Skenderovic, Ismet"]
[Black "Popovic, Mateja"]
[Result "1-0"]
[ECO "A00"]
[WhiteElo "1913"]
[BlackElo "1550"]
[PlyCount "31"]
[EventDate "2020.09.11"]
[EventType "swiss"]
[EventRounds "9"]
[EventCountry "MNE"]
[TimeControl "5400+30"]

1. Nf3 d5 2. b3 e6 3. Bb2 Nf6 4. g3 Be7 5. Bg2 c5 6. e3 Nc6 7. d4 O-O 8. O-O b6 9. Ne5 Bb7 10. c4 Bd6 11. f4 Nd7 12. cxd5 exd5 13. Bxd5 Qc7 14. Nc3 cxd4 15. Nb5 Qd8 16. Nxc6 1-0

[Event "72nd MNE-ch 2020"]
[Site "Podgorica"]
[Date "2020.09.15"]
[Round "7"]
[White "Petrovic, Slavko"]
[Black "Lakusic, Zoran"]
[Result "1/2-1/2"]
[ECO "A00"]
[WhiteElo "1909"]
[BlackElo "1711"]
[PlyCount "134"]
[EventDate "2020.09.11"]
[EventType "swiss"]
[EventRounds "9"]
[EventCountry "MNE"]
[TimeControl "5400+30"]

1. e4 c5 2. Nf3 e6 3. e5 Nc6 4. Bb5 Qc7 5. Qe2 a6 6. Bxc6 Qxc6 7. Nc3 d5 8. exd6 Bxd6 9. Ne4 Ne7 10. d3 b5 11. Nxd6+ Qxd6 12. Bg5 O-O 13. Bxe7 Qxe7 14. O-O Bb7 15. Nd2 Qg5 16. f3 Qf6 17. Rab1 Rac8 18. Rfe1 Qd4+ 19. Qe3 Qa4 20. Nb3 Qxa2 21. Nxc5 Qd5 22. d4 a5 23. c3 Bc6 24. Ra1 a4 25. Qf2 h6 26. Re5 Qd8 27. Qe2 Re8 28. Re1 b4 29. Qc4 bxc3 30. Qxc3 Bd5 31. Ra1 Bb3 32. Qb4 Rb8 33. Qd2 Qb6 34. Nd7 Qb4 35. Qc3 Qxc3 36. bxc3 Ra8 37. Ra3 Ra7 38. Nc5 Bd5 39. Re2 Bc6 40. Rb2 Rc8 41. Kf2 Kf8 42. f4 Ke7 43. Rb4 Rca8 44. g3 Kd6 45. Ke3 f5 46. c4 g5 47. Nd3 Rb7 48. c5+ Kc7 49. Rxb7+ Kxb7 50. Nb2 Bb5 51. Kd2 Kc6 52. Kc3 Kd5 53. Nd1 Bc6 54. Nf2 Rb8 55. Nd3 Bb5 56. Nf2 gxf4 57. gxf4 Be8 58. Nh3 Rb1 59. Nf2 Rb3+ 60. Rxb3 axb3 61. Nd3 Ke4 62. Ne5 b2 63. Kxb2 Kxd4 64. c6 Bxc6 65. Nxc6+ Ke4 66. Nd8 Kxf4 67. Nxe6+ Kg4 1/2-1/2

[Event "72nd MNE-ch 2020"]
[Site "Podgorica"]
[Date "2020.09.15"]
[Round "7"]
[White "Kalezic, Bojan"]
[Black "Pobor, Danilo"]
[Result "1/2-1/2"]
[ECO "A00"]
[WhiteElo "1855"]
[BlackElo "2059"]
[PlyCount "127"]
[EventDate "2020.09.11"]
[EventType "swiss"]
[EventRounds "9"]
[EventCountry "MNE"]
[TimeControl "5400+30"]

1. e4 c5 2. Nf3 Nc6 3. d4 cxd4 4. Nxd4 Nf6 5. Nc3 d6 6. Bc4 e6 7. Be3 Be7 8. O-O a6 9. Bb3 Na5 10. f4 b5 11. a3 Nxb3 12. cxb3 Bb7 13. Qd3 O-O 14. Rad1 Qc7 15. h3 Rad8 16. Rc1 Qd7 17. Rfd1 d5 18. e5 Ne4 19. Nxe4 dxe4 20. Qc3 Rc8 21. Qa5 Bc5 22. Nf5 Bxe3+ 23. Nxe3 Rxc1 24. Rxc1 h6 25. Rc7 Qd8 26. Qc3 Bd5 27. Rc5 Qh4 28. f5 Rd8 29. Rc8 Kh7 30. Rxd8 Qxd8 31. f6 gxf6 32. exf6 Qd6 33. Qd4 a5 34. b4 axb4 35. axb4 Kg6 36. Ng4 h5 37. Ne5+ Kf5 38. Nxf7 Qc7 39. g4+ hxg4 40. hxg4+ Kxg4 41. Ne5+ Kg5 42. f7 Qc1+ 43. Kf2 Qf4+ 44. Ke2 Bc4+ 45. Nxc4 Qxf7 46. Qe3+ Kh5 47. Qh3+ Kg5 48. Qg3+ Kh6 49. Qh4+ Kg7 50. Qg5+ Kh7 51. Ne5 Qf5 52. Qxf5+ exf5 53. Ke3 Kg7 54. Nc6 Kf6 55. Kf4 Ke6 56. Nd4+ Kd5 57. Nxf5 Kc4 58. Kxe4 Kxb4 59. Nd4 Kc4 60. Ke3 Kb4 61. Kd3 Ka4 62. Kc3 b4+ 63. Kc4 b3 64. Nxb3 1/2-1/2

[Event "72nd MNE-ch 2020"]
[Site "Podgorica"]
[Date "2020.09.15"]
[Round "7"]
[White "Cadjenovic, Dragan"]
[Black "Vujovic, Savo"]
[Result "0-1"]
[ECO "A00"]
[WhiteElo "1841"]
[BlackElo "2082"]
[PlyCount "74"]
[EventDate "2020.09.11"]
[EventType "swiss"]
[EventRounds "9"]
[EventCountry "MNE"]
[TimeControl "5400+30"]

1. e4 c5 2. Nf3 Nc6 3. Nc3 Nf6 4. d4 cxd4 5. Nxd4 e5 6. Ndb5 d6 7. Bg5 a6 8. Na3 b5 9. Nd5 Be7 10. Nxe7 Nxe7 11. Qf3 Be6 12. Bxf6 gxf6 13. Qxf6 Rg8 14. O-O-O Rc8 15. Rd2 b4 16. Nb1 Qa5 17. a3 Rb8 18. Qf3 Nc6 19. Rxd6 Nd4 20. Rxe6+ Nxe6 21. Bc4 Qb6 22. b3 Rc8 23. axb4 Rxc4 24. bxc4 Qxb4 25. Qb3 Qxb3 26. cxb3 Rxg2 27. f3 Nd4 28. Nd2 a5 29. h4 Kd7 30. Rh3 Kc6 31. h5 Kc5 32. h6 Kb4 33. Rh5 Kc3 34. Nb1+ Kd3 35. Na3 Kc3 36. Nb1+ Kxb3 37. Rxe5 Rg1+ 0-1

[Event "72nd MNE-ch 2020"]
[Site "Podgorica"]
[Date "2020.09.15"]
[Round "7"]
[White "Mosurovic, Milena"]
[Black "Sabotic, Denis"]
[Result "1-0"]
[ECO "A00"]
[WhiteElo "1353"]
[BlackElo "1708"]
[PlyCount "87"]
[EventDate "2020.09.11"]
[EventType "swiss"]
[EventRounds "9"]
[EventCountry "MNE"]
[TimeControl "5400+30"]

1. e4 c5 2. Nc3 Nc6 3. g3 a6 4. Bg2 e6 5. d3 Bd6 6. Be3 Nge7 7. f4 e5 8. f5 O-O 9. f6 Ng6 10. fxg7 Kxg7 11. Qh5 Re8 12. Bh6+ Kg8 13. Nd5 Nb4 14. Nxb4 cxb4 15. Nf3 Bf8 16. Bxf8 Nxf8 17. O-O Qb6+ 18. Kh1 Qg6 19. Qh4 d6 20. Bh3 Bxh3 21. Qxh3 Ne6 22. Nh4 Qh5 23. Rf5 Qh6 24. Raf1 Re7 25. Rf6 Qh5 26. Qg2 Rc7 27. Nf5 Qg5 28. Nh6+ Kg7 29. Nxf7 Qxf6 30. Rxf6 Kxf6 31. Nxd6 Nd4 32. Qf2+ Ke6 33. Nc4 b5 34. Nxe5 Rd8 35. Ng4 Rf7 36. Qd2 Rg8 37. Nh6 Rf1+ 38. Kg2 Rgf8 39. Qxb4 R8f2+ 40. Kh3 Nxc2 41. Qb3+ Kd7 42. Qd5+ Kc7 43. Nf5 Rxf5 44. exf5 1-0

[Event "72nd MNE-ch 2020"]
[Site "Podgorica"]
[Date "2020.09.17"]
[Round "9.3"]
[White "Podlesnik, Bogdan"]
[Black "Djukic, Nikola"]
[Result "1/2-1/2"]
[ECO "B93"]
[WhiteElo "2354"]
[BlackElo "2525"]
[Annotator "ChessBase"]
[PlyCount "99"]
[EventDate "2020.09.11"]
[EventType "swiss"]
[EventCountry "MNE"]
[TimeControl "5400+30"]

1. e4 c5 2. Nf3 d6 3. d4 cxd4 4. Nxd4 Nf6 5. Nc3 a6 6. f4 e5 7. Nf3 Nbd7 8. Bc4 b5 9. fxe5 dxe5 10. Bd5 Rb8 11. a3 b4 12. axb4 Bxb4 13. O-O O-O 14. Na4 Bb7 15. Bxb7 Rxb7 16. Bg5 Qc7 17. Qe2 Rc8 18. Bxf6 Nxf6 19. c3 Bf8 20. b4 a5 21. b5 Qc4 22. Qxc4 Rxc4 23. Nd2 Rc8 24. Rab1 Nxe4 25. Nxe4 Rc4 26. Rfc1 f5 27. Ng3 Rxa4 28. Nxf5 Bc5+ 29. Kh1 Rc4 30. Re1 Rxc3 31. Rxe5 a4 32. Rf1 h6 33. h4 a3 34. Re8+ Kh7 35. h5 Rc4 36. g3 Rf7 37. Kg2 a2 38. Ra8 Ra7 39. Rxa7 Bxa7 40. Ra1 Ra4 41. Kf3 Bb8 42. b6 g6 43. hxg6+ Kxg6 44. Ne7+ Kg5 45. Nc6 Ra3+ 46. Ke2 Bxg3 47. b7 h5 48. b8=Q Bxb8 49. Nxb8 h4 50. Kf2 1/2-1/2

[Event "72nd MNE-ch 2020"]
[Site "Podgorica"]
[Date "2020.09.17"]
[Round "9.4"]
[White "Tomic, Aleksandar"]
[Black "Vujovic, Savo"]
[Result "1/2-1/2"]
[ECO "E80"]
[WhiteElo "2373"]
[BlackElo "2082"]
[Annotator "ChessBase"]
[PlyCount "31"]
[EventDate "2020.09.11"]
[EventType "swiss"]
[EventCountry "MNE"]
[TimeControl "5400+30"]

1. d4 Nf6 2. c4 g6 3. Nc3 Bg7 4. e4 d6 5. f3 c6 6. Bg5 Nbd7 7. Qd2 a6 8. d5 cxd5 9. cxd5 b5 10. Nge2 b4 11. Nd1 Nc5 12. Nd4 Bd7 13. Nf2 Qb6 14. Be3 O-O 15. Be2 Rfc8 16. O-O 1/2-1/2

[Event "72nd MNE-ch 2020"]
[Site "Podgorica"]
[Date "2020.09.17"]
[Round "9.7"]
[White "Krstonijevic, Stjepan"]
[Black "Pecurica, Milos"]
[Result "1/2-1/2"]
[ECO "D23"]
[WhiteElo "2098"]
[BlackElo "2359"]
[Annotator "ChessBase"]
[PlyCount "58"]
[EventDate "2020.09.11"]
[EventType "swiss"]
[EventCountry "MNE"]
[TimeControl "5400+30"]

1. d4 Nf6 2. Nf3 d5 3. c4 dxc4 4. Qa4+ Nbd7 5. g3 a6 6. Qxc4 e6 7. Bg2 c5 8. dxc5 Bxc5 9. O-O b5 10. Qb3 Bb7 11. Ne1 Bxg2 12. Nxg2 O-O 13. Nc3 Rc8 14. Be3 Qb6 15. Rfd1 Rfd8 16. h3 Bxe3 17. Nxe3 b4 18. Na4 Qb5 19. Kf1 Ne4 20. a3 bxa3 21. Qxa3 Ndf6 22. Nc3 Rxd1+ 23. Nexd1 Qf5 24. Kg2 Ng5 25. Qxa6 Qxh3+ 26. Kg1 e5 27. Qb7 g6 28. Ne3 e4 29. Ncd5 Nxd5 1/2-1/2

[Event "72nd MNE-ch 2020"]
[Site "Podgorica"]
[Date "2020.09.17"]
[Round "9.9"]
[White "Musovic, Armin"]
[Black "Lazarevic, Zoran V"]
[Result "1-0"]
[ECO "B01"]
[WhiteElo "2207"]
[BlackElo "2132"]
[Annotator "ChessBase"]
[PlyCount "91"]
[EventDate "2020.09.11"]
[EventType "swiss"]
[EventCountry "MNE"]
[TimeControl "5400+30"]

1. e4 d5 2. exd5 Qxd5 3. Nc3 Qd6 4. d4 Nf6 5. h3 g6 6. Nf3 Bg7 7. Bd3 a6 8. O-O O-O 9. Re1 Nc6 10. Be3 b6 11. Qd2 Bb7 12. Ne4 Nxe4 13. Bxe4 Rad8 14. Bg5 Rfe8 15. Rad1 f5 16. Bxc6 Qxc6 17. c3 Rd7 18. Qf4 e5 19. dxe5 Rxe5 20. Rf1 Rxd1 21. Rxd1 Re2 22. Rd8+ Kf7 23. Bh6 Bf6 24. Rf8+ Ke7 25. Rb8 Rxb2 26. Qe3+ Kd7 27. Bf8 Qe6 28. Qxe6+ Kxe6 29. Rxb7 Kd7 30. Bh6 Rxa2 31. Bf4 Bd8 32. Rb8 Bf6 33. Rf8 Bxc3 34. Rf7+ Ke6 35. Rxc7 Ba5 36. Rxh7 b5 37. Rg7 Bc3 38. Rxg6+ Kd5 39. Rb6 Ke4 40. Bd6 Kd5 41. h4 Kc4 42. h5 Ra1+ 43. Kh2 b4 44. h6 a5 45. h7 Kd5 46. Be5 1-0

[Event "72nd MNE-ch 2020"]
[Site "Podgorica"]
[Date "2020.09.17"]
[Round "9.12"]
[White "Milovic, Aleksandra"]
[Black "Vuckovic, Marko"]
[Result "1-0"]
[ECO "A45"]
[WhiteElo "2198"]
[BlackElo "2077"]
[Annotator "RC"]
[PlyCount "21"]
[EventDate "2020.09.11"]
[EventType "swiss"]
[EventCountry "MNE"]
[SourceTitle "playchess.com"]
[Source "ChessBase"]
[SourceQuality "1"]
[TimeControl "5400+30"]

1. d4 Nf6 2. Bg5 e6 3. Nc3 c5 4. Nf3 Qb6 5. Bxf6 gxf6 6. e3 Qxb2 7. Nb5 Na6 8. a3 d5 9. Rb1 Qa2 10. Qc1 cxd4 11. Ra1 1-0